 Dungeon Crawl Stone Soup version 0.29-a0-1030-gf5f8719cae (webtiles) character file.

Game seed: 8017148234677780172

157 DungeonMaster the Charlatan (level 5, 35/38 HPs)
             Began as a Demonspawn Wanderer on Aug 13, 2022.
             Quit the game on level 4 of the Dungeon.
             The game lasted 00:06:12 (3278 turns).

DungeonMaster the Charlatan (Demonspawn Wanderer)   Turns: 3278, Time: 00:06:12

Health: 35/38      AC:  3    Str: 10    XL:     5   Next: 15%
Magic:  14/17      EV: 15    Int: 22    God:
Gold:   111        SH:  5    Dex: 14    Spells: 7/8 levels left

rFire   + + +      SeeInvis .   a - +2 dagger
rCold   + . .      Faith    .   i - +1 buckler of Valiance {Int+6}
rNeg    . . .      Spirit   .   u - +0 leather armour of Tomorrow {Drain +Inv rF+++ rC+}
rPois   .          Reflect  .   (helmet restricted)
rElec   .          Harm     .   (no cloak)
rCorr   .          Rampage  .   (no gloves)
Will    .....                   (no boots)
Stlth   ++........              (no amulet)
HPRegen 0.12/turn               l - +4 ring of evasion
MPRegen 0.15/turn               j - ring of magical power

@: no status effects
A: horns 1, demonic guardian 1, foul stench 1
a: Evoke Invisibility


You were on level 4 of the Dungeon.
You visited 1 branch of the dungeon, and saw 4 of its levels.

You collected 111 gold pieces.

Inventory:

Hand Weapons
 a - a +2 dagger (weapon)
 t - a +0 short sword of flaming
Missiles
 e - 5 curare-tipped darts
 g - 33 stones
 h - 6 boomerangs
Armour
 f - a +0 helmet
 i - the +1 buckler of Valiance (worn) {Int+6}
   (You acquired it on level 1 of the Dungeon)

   Int:       It affects your intelligence (+6).
 u - the +0 leather armour of Tomorrow (worn) {Drain +Inv rF+++ rC+}
   (You took it off a goblin on level 2 of the Dungeon)

   rF:        It renders you almost immune to fire.
   rC:        It protects you from cold.
   +Inv:      It lets you turn invisible.
   Drain:     It drains your maximum health when unequipped.
Jewellery
 j - a ring of magical power (right hand)
 l - a +4 ring of evasion (left hand)
 r - a +4 ring of slaying
Wands
 c - a wand of flame (5)
 s - a wand of iceblast (13)
Scrolls
 n - 7 scrolls of butterflies
Potions
 b - 5 potions of heal wounds
 d - a potion of brilliance {unknown}
 k - a potion of attraction {unknown}
 m - a potion of magic {unknown}
 o - 2 potions of curing {unknown}
 p - a potion of flight {unknown}
 q - 2 potions of mutation {unknown}


   Skills:
 * Level 2.0 Fighting
 * Level 1.6 Armour
 * Level 1.8 Dodging
 - Level 2.6 Stealth
 * Level 1.2 Shields
 * Level 2.2 Spellcasting
 * Level 2.6 Poison Magic
 - Level 3.0 Evocations


You had 7 spell levels left.
You knew the following spells:

 Your Spells              Type           Power      Damage    Failure   Level
a - Sting                 Tmut/Pois      32%        1d4       14%         1

Your spell library contained the following spells:

 Spells                   Type           Power      Damage    Failure   Level
 Ensorcelled Hibernation  Hex/Ice        4%         N/A       36%         2
 Passwall                 Tmut/Erth      1%         N/A       36%         2
 Mephitic Cloud           Conj/Pois/Air  6%         N/A       45%         3
 Swiftness                Air            2%         N/A       58%         3
 Conjure Ball Lightning   Conj/Air       1%         3x3d6     100%        6
 Spellforged Servitor     Conj/Summ      1%         N/A       100%        7


Dungeon Overview and Level Annotations

Branches:
Dungeon (4/15)
 Temple: D:4-7

Altars:


Innate Abilities, Weirdness & Mutations

You have a pair of small horns on your head.
A weak demonic guardian rushes to your aid.
You may rarely emit foul miasma when damaged in melee.


Message History

The sting hits the iguana.
The iguana is poisoned.
The iguana is lightly wounded.
The iguana bites you!
Casting: Sting (safe; 14% risk of failure)
Confirm with . or Enter, or press ? or * to list all spells.
Aiming: Sting (safe; 14% risk of failure)
Press: ? - help, Shift-Dir - straight line, f/p - iguana
Aim: an iguana (moderately wounded, poisoned, 72% to hit)
The sting hits the iguana but does no damage.
The iguana looks even sicker.
The iguana is moderately wounded.
The iguana bites you!
* * * LOW HITPOINT WARNING * * *
A demonic guardian appears!
The iguana attacks as you move away! You block the iguana's attack.
The iguana attacks as you move away! The iguana barely misses you.
The iguana attacks as you move away! The iguana misses you.
The iguana attacks as you move away! The iguana closely misses you.
You feel much better. The iguana misses you.
Your shadow imp barely misses the iguana.
Casting: Sting (safe; 14% risk of failure)
Confirm with . or Enter, or press ? or * to list all spells.
Aiming: Sting (safe; 14% risk of failure)
Press: ? - help, Shift-Dir - straight line, f/p - iguana
Aim: an iguana (severely wounded, poisoned, ally target, 72% to hit)
The sting hits the iguana.
The iguana looks even sicker.
The iguana is almost dead.
You block the iguana's attack.
Your shadow imp barely misses the iguana.
You barely miss the iguana.
The iguana is almost dead.
You block the iguana's attack.
Your shadow imp hits the iguana.
The iguana dies!
Your Fighting skill increases to level 2!
You have reached level 5!
You feel monstrous as your demonic heritage exerts itself.
Your demonic ancestry asserts itself...
A pair of horns grows on your head!
Your +0 helmet falls away!
Are you sure you want to abandon this character and quit the game? (Confirm with "yes".)

#......# #.>....#
#......#
#......####
########......#..
.......#.....)... .
.......#......# ..
........†@.#.## ...
.......5##....#....
#........5.........
.....#..<.)........
...................
............#......
......<......##...#
.....#....##......#
...##....# ....###


You could see a friendly shadow imp (summoned).

Vanquished Creatures
  An iguana (D:3)
  2 orc wizards (D:3)
  2 adders (D:3)
  2 orcs (D:3)
  An endoplasm (D:1)
  3 giant cockroaches
  6 goblins
  3 hobgoblins
  2 jackals (D:1)
  4 ball pythons
  4 bats
  5 kobolds
  2 rats
37 creatures vanquished.

Vanquished Creatures (collateral kills)
  An iguana (D:4)
  A jackal (D:1)
2 creatures vanquished.

Grand Total: 39 creatures vanquished

Notes
Turn   | Place    | Note
-------+----------+-------------------------------------------
     0 | D:1      | DungeonMaster the Demonspawn Wanderer began the quest for
                  | the Orb.
     0 | D:1      | DungeonMaster set off with the following items: a +2
                  | dagger, 2 potions of heal wounds, a wand of flame (5), a +0
                  | robe; and the following spell memorised: Sting; and the
                  | following spells available to memorise: Mephitic Cloud.
     0 | D:1      | Reached XP level 1. HP: 13/13 MP: 2/2
   366 | D:1      | Gained mutation: A weak demonic guardian rushes to your
                  | aid. [demonic ancestry]
   366 | D:1      | Reached XP level 2. HP: 20/20 MP: 0/4
   624 | D:1      | Found a faded altar of an unknown god.
   771 | D:1      | Reached skill level 1 in Fighting
   929 | D:1      | Reached skill level 1 in Dodging
  1291 | D:1      | Identified a scroll of acquirement
  1291 | D:1      | Acquired the +1 buckler of Valiance {Int+6}
  1744 | D:2      | Identified the +0 leather armour of Tomorrow {Drain +Inv
                  | rF+++ rC+}
  2124 | D:2      | Acquired DungeonMaster's Papyrus of Airy Blasts
  2230 | D:3      | Gained mutation: You may rarely emit foul miasma when
                  | damaged in melee. [demonic ancestry]
  2230 | D:3      | Reached XP level 3. HP: 26/26 MP: 5/5
  2255 | D:3      | Reached XP level 4. HP: 19/33 MP: 7/7
  2601 | D:3      | Reached skill level 1 in Shields
  3278 | D:4      | Discovered your monstrous ancestry.
  3278 | D:4      | Gained mutation: You have a pair of small horns on your
                  | head. [demonic ancestry]
  3278 | D:4      | Reached XP level 5. HP: 35/38 MP: 8/8
  3278 | D:4      | Quit the game

Illustrated notes

Levels and vault maps discovered:
D:1:      dpeg_arrival_short_road, layout_rooms,
          shapermc_ecumenical_altar_totnotflames, serial_rivers,
          chequers_serial_rivers_small_b, chequers_serial_rivers_large_a,
          chequers_serial_rivers_micro_b, chequers_serial_rivers_room_a,
          chequers_serial_rivers_small_3
D:2:      layout_basic, basic_altar
D:3:      layout_basic
D:4:      layout_rooms, nicolae_wu_jian_wuxing_cycle,
          grunt_temple_overflow_open, zin_scriptorium, guppyfry_shop_venom

Skill      XL: |  1  2  3  4 |
---------------+-------------+-----
Fighting       | 1 2 |  2.0
Dodging        | 1 |  1.8
Spellcasting   | 2 |  2.2
Shields        | 1 |  1.2
Armour         | |  1.6
Stealth        | |  2.6
Poison Magic   | |  2.6
Evocations     | |  3.0

Action                   |  1- 3 |  4- 6 || total
-------------------------+-------+-------++-------
Melee: Dagger            |    45 |    22 ||    67
 Cast: Sting             |    43 |    24 ||    67
  Use: Scroll            |     3 |       ||     3
       Potion            |       |     1 ||     1
Armor: Robe              |    18 |       ||    18
       Leather armour    |     5 |     5 ||    10
Dodge: Dodged            |    35 |    23 ||    58
Block: Buckler           |     3 |    17 ||    20

Table legend: (Time is in decaauts)
 A = Elapsed time spent in this place.
 B = Non-inter-level travel time spent in this place.
 C = Inter-level travel time spent in this place.
 D = Time resting spent in this place.
 E = Time spent auto-exploring this place.
 F = Levels seen in this place.
 G = Mean time per level.
                   A        B        C        D        E       F      G
               +--------+--------+--------+--------+--------+-----+--------+
         Total |   3297 |   3236 |     61 |    669 |   2110 |   4 |  824.2 |
       Dungeon |   3297 |   3236 |     61 |    669 |   2110 |   4 |  824.2 |
               +--------+--------+--------+--------+--------+-----+--------+

Top non-repeatable levels by time:
     D:1: 1343 daAuts
     D:3: 1070 daAuts
     D:2: 830 daAuts
     D:4: 52 daAuts
